 Dungeon Crawl Stone Soup version 0.31.0-1-g2c135a0 (webtiles) character file.

Game seed: 7252076169855605178

58 KillerQueen the Sneak (level 4, 0/27 HPs)
             Began as an Octopode Fire Elementalist on Apr 5, 2024.
             Slain by Grinder (5 damage)
             ... on level 3 of the Dungeon.
             The game lasted 00:05:49 (2515 turns).

KillerQueen the Sneak (Octopode Fire Elementalist)  Turns: 2515, Time: 00:05:49

Health: 0/27       AC:  1    Str:  7    XL:     4   Next: 1%
Magic:  2/7        EV: 13    Int: 19    God:
Gold:   127        SH:  0    Dex: 12    Spells: 4/7 levels left

rFire   . . .        (no weapon)
rCold   . . .        (no shield)
rNeg    . . .        (helmet restricted)
rPois   .            (no amulet)
rElec   .            c - ring of see invisible
rCorr   .            (no ring)
SInv    +            (no ring)
Will    .....        (no ring)
Stlth   +++          (no ring)
HPRegen 0.24/turn    (no ring)
MPRegen 0.10/turn    (no ring)
                     (no ring)

%: no passive effects
@: no status effects
A: almost no armour, amphibious, 8 rings, camouflage 1, gelatinous body 1,
(nimble swimmer 1), tentacles
a: no special abilities


You were on level 3 of the Dungeon.
You visited 1 branch of the dungeon, and saw 3 of its levels.

You collected 127 gold pieces.

Inventory:

Jewellery
 c - a ring of see invisible (left tentacle)
Scrolls
 d - 2 scrolls of identify
 e - 2 scrolls of teleportation
Potions
 a - 2 potions of magic
 b - a potion of curing {unknown}
 f - 2 potions of berserk rage {unknown}
 g - a potion of might {unknown}


   Skills:
 + Level 2.5 Dodging
 + Level 3.5 Stealth
 + Level 2.4 Spellcasting
 + Level 1.8 Conjurations
 + Level 3.4 Fire Magic


You had 4 spell levels left.
You knew the following spells:

 Your Spells              Type           Power      Damage    Failure   Level
a - Foxfire               Conj/Fire      48%        2x1d6     5%          1
b - Scorch                Fire           30%        2d6       6%          2

Your spell library contained the following spells:

 Spells                   Type           Power      Damage    Failure   Level
 Shock                    Conj/Air       20%        1d4       11%         1
 Summon Small Mammal      Summ           8%         N/A       16%         1
 Inner Flame              Hex/Fire       8%         N/A       24%         3
 Volatile Blastmotes      Fire/Tloc      16%        2d11      24%         3
 Call Canine Familiar     Summ           2%         N/A       43%         3
 Swiftness                Air            2%         N/A       43%         3
 Flame Wave               Conj/Fire      12%        2d6       50%         4
 Summon Blazeheart Golem  Fire/Summ      8%         N/A       63%         4
 Airstrike                Air            1%         2d(1-17)  85%         4


Dungeon Overview and Level Annotations

Branches:
Dungeon (3/15)

Altars:

Annotations:
D:3 Grinder


Innate Abilities, Weirdness & Mutations

You cannot wear most types of armour.
You are amphibious.
You can wear up to eight rings at the same time.
Your skin changes colour to match your surroundings (Stealth+).
Your rubbery body absorbs attacks. (AC +1, EV +1)
((You are camouflaged when in or above water. (Stealth+)))
You have tentacles for arms and can constrict up to eight enemies at once.


Message History

Pain shoots through your body! Grinder gestures at you.
You suddenly lose the ability to move!
Grinder sighs, "No one appreciates my work."
Grinder blinks!
Grinder blinks!
You can move again.
Grinder blinks!
You see here a red potion.
An endoplasm comes into view.
Found 10 gold pieces.
The endoplasm quivers.
Grinder blinks!
Found 13 gold pieces.
Grinder blinks!
You barely miss Grinder. You grab Grinder.
Grinder is moderately wounded.
You constrict Grinder. Grinder barely misses you.
You tentacle-slap Grinder.
Grinder is heavily wounded.
You constrict Grinder. Grinder hits you!
* * * LOW HITPOINT WARNING * * *
You writhe in agony.
* * * LOW HITPOINT WARNING * * *
You tentacle-slap Grinder but do no damage.
You squeeze Grinder.
Grinder is severely wounded.
You constrict Grinder, but do no damage.
The endoplasm freezes you.
You are frozen.
* * * LOW HITPOINT WARNING * * *
Grinder hits you but does no damage.
You tentacle-slap Grinder.
Grinder is severely wounded.
You constrict Grinder. The endoplasm misses you. Grinder misses you.
You tentacle-slap Grinder but do no damage.
Grinder is severely wounded.
You constrict Grinder, but do no damage.
The endoplasm misses you. Grinder hits you.
You die...
Grinder sighs, "Dead already?
I want a refund."

$########
..$....#####
#..........### #
#!.).........
#.#..........#
............##
#.J5#......##
.##..@#.......#
#...##..!......#
###..#.......#..
#...#.....# .
####..#.....#..
...............
####...........
#..........#
#.##..##..##


You could see Grinder and an endoplasm.

Vanquished Creatures
  An adder (D:2)
  3 dart slugs
  2 ribbon worms (D:2)
  3 bats
  5 endoplasms
  3 giant cockroaches
  A goblin (D:1)
  4 jackals (D:1)
  A quokka (D:1)
  A ball python (D:2)
  3 frilled lizards
  4 kobolds
  6 rats (D:1)
37 creatures vanquished.

Vanquished Creatures (collateral kills)
  A foxfire (D:1)
1 creature vanquished.

Vanquished Creatures (others)
  182 foxfires
182 creatures vanquished.

Grand Total: 220 creatures vanquished

Notes
Turn   | Place    | Note
-------+----------+-------------------------------------------
     0 | D:1      | KillerQueen the Octopode Fire Elementalist began the quest
                  | for the Orb.
     0 | D:1      | Reached XP level 1. HP: 11/11 MP: 3/3
   252 | D:1      | Reached XP level 2. HP: 16/17 MP: 1/5
   433 | D:1      | Found a faded altar of an unknown god.
   909 | D:1      | Reached XP level 3. HP: 13/21 MP: 0/6
  1423 | D:1      | Learned a level 2 spell: Scorch
  2436 | D:3      | Reached XP level 4. HP: 27/27 MP: 2/7
  2490 | D:3      | Noticed Grinder
  2503 | D:3      | Paralysed by Grinder for 4 turns
  2515 | D:3      | Slain by Grinder

Illustrated notes

Levels and vault maps discovered:
D:1:      dpeg_arrival_pits, layout_basic, ebering_ecumenical_altar_petrified
D:2:      layout_rooms
D:3:      layout_rooms, mainiacjoe_overflow_six_doors_small, uniq_grinder

Skill      XL: |  1  2 |
---------------+-------+-----
Stealth        | 3 |  3.5
Dodging        | |  2.5
Spellcasting   | |  2.4
Conjurations   | |  1.8
Fire Magic     | |  3.4

Action                     |  1- 3 |  4- 6 || total
---------------------------+-------+-------++-------
  Melee: Unarmed           |    17 |     7 ||    24
         Constrict         |     4 |     2 ||     6
         Tentacles         |     2 |     2 ||     4
   Cast: Foxfire           |   107 |     6 ||   113
    Use: Scroll            |     5 |       ||     5
 Armour: Skin              |    10 |     4 ||    14
  Dodge: Dodged            |    16 |     5 ||    21
